 Dungeon Crawl Stone Soup version 0.19.1-1-g22dce08 (webtiles) character file.

120 Jynx the Conjurer (level 4, -7/24 HPs)
             Began as a Deep Elf Conjurer on Jan 20, 2017.
             Mangled by fatfloppyjuicyveiny's ghost (10 damage)
             ... on level 3 of the Dungeon.
             The game lasted 00:07:05 (2512 turns).

Jynx the Conjurer (Deep Elf Conjurer)               Turns: 2512, Time: 00:07:06

Health: -7/24      AC:  2    Str:  5    XL:     4   Next: 75%
Magic:  11/12      EV: 12    Int: 21    God:
Gold:   108        SH:  0    Dex: 15    Spells: 1 memorised, 10 levels left

rFire  . . .     SeeInvis +     e - +2 dagger (speed)
rCold  . . .     Gourm    .     a - +0 robe
rNeg   . . .     Faith    .     (no shield)
rPois  +         Spirit   .     (no helmet)
rElec  .         Reflect  .     (no cloak)
rCorr  .         Harm     .     (no gloves)
MR     .....                    (no boots)
Stlth  ++........               (no amulet)
                                l - ring of see invisible
                                f - ring of poison resistance

@: drained
A: no striking features
a: no special abilities


You were on level 3 of the Dungeon.
You were hungry.

You visited 1 branch of the dungeon, and saw 3 of its levels.

You collected 108 gold pieces.

Inventory:

Hand Weapons
 e - a +2 dagger of speed (weapon)
Armour
 a - a +0 robe (worn)
Jewellery
 f - a ring of poison resistance (left hand)
 l - a ring of see invisible (right hand)
Scrolls
 d - a scroll of enchant weapon {unknown}
 i - 3 scrolls of identify {unknown}
 k - 2 scrolls of recharging {unknown}
 m - a scroll of enchant armour {unknown}
 p - a scroll of teleportation {unknown}
 q - a scroll of amnesia {unknown}
 t - a scroll of remove curse {unknown}
 u - 3 scrolls of fog {unknown}
Potions
 g - a potion of degeneration {unknown}
 h - a potion of heal wounds {unknown}
 n - a potion of curing {unknown}
 o - a potion of brilliance {unknown}
Books
 b - a book of Conjurations

   Spells                             Type                      Level
   a - Magic Dart                     Conjuration                  1
   b - Searing Ray                    Conjuration                  2
   c - Dazzling Spray                 Conjuration/Hexes            3
   d - Fulminant Prism                Conjuration/Hexes            4
   e - Iskenderun's Mystic Blast      Conjuration                  4
   f - Iskenderun's Battlesphere      Conjuration/Charms           5
Comestibles
 c - a bread ration
 j - a royal jelly
 r - a meat ration
 s - a beef jerky


   Skills:
 + Level 2.0(1.1) Short Blades
 - Level 2.4(1.5) Dodging
 - Level 2.4(1.5) Stealth
 + Level 4.0(3.2) Spellcasting
 * Level 5.8(4.9) Conjurations


You had 10 spell levels left.
You knew the following spells:

 Your Spells              Type           Power        Failure   Level  Hunger
a - Magic Dart            Conj           ###.         1%          1    None


Dungeon Overview and Level Annotations

Branches:
Dungeon (3/15)

Altars:
Zin

Shops:
D:3 *

Annotations:
D:3 fatfloppyjuicyveiny's ghost, amateur CeHu


Message History

The floor.
Unknown command.
Fatfloppyjuicyveiny's ghost hits you!
You feel drained.
A worm comes into view.
There is a large open door here.
Fatfloppyjuicyveiny's ghost barely misses you.
You hit fatfloppyjuicyveiny's ghost.
Fatfloppyjuicyveiny's ghost is lightly damaged.
Fatfloppyjuicyveiny's ghost hits you.
You feel drained.
Fatfloppyjuicyveiny's ghost closely misses you.
Fatfloppyjuicyveiny's ghost hits you.
* * * LOW HITPOINT WARNING * * *
You feel drained.
* * * LOW HITPOINT WARNING * * *
Fatfloppyjuicyveiny's ghost shrieks, "You will join me soon!"
Fatfloppyjuicyveiny's ghost barely misses you.
Things that are here:
2 stones; 6 sling bullets Fatfloppyjuicyveiny's ghost hits you!
You die...

#.....###.#####..#.# #......#.##
#..#.## #.#.###.## #..#..# #.#.#
#.# #.....# #.#.###(#######.###.#
#......)...>##.#.##.# ###
##.....#<###.#.###.#.# ...#
####.............#####..#
.#..####......(W@..###....##.#.##
.................................
......w..........)...............
.≈≈≈.....≈.≈.≈≈≈.≈≈)≈≈.≈≈≈.≈.≈..≈
≈≈≈.....≈≈≈≈≈≈≈≈≈≈≈≈≈≈≈≈≈≈≈≈≈≈≈≈≈
≈≈≈≈...(≈≈≈≈≈≈≈≈≈≈≈≈≈≈≈≈≈≈≈≈≈≈≈≈≈
≈≈≈....(≈≈≈≈≈≈≈≈≈≈≈≈≈≈≈≈≈≈≈≈≈≈≈≈≈
#####''##########################
#....#


You could see fatfloppyjuicyveiny's ghost.

Vanquished Creatures
  Natasha (D:3)
  3 adders (D:2)
  An ooze (D:1)
  2 worms (D:2)
  A dart slug (D:1)
  A leopard gecko (D:1)
  A ball python (D:2)
  6 bats
  2 giant cockroaches
  7 goblins
  12 hobgoblins
  5 frilled lizards
  5 kobolds
  9 rats
56 creatures vanquished.

Vanquished Creatures (others)
  A quokka (D:3)
1 creature vanquished.

Grand Total: 57 creatures vanquished

Notes
Turn   | Place    | Note
-------+----------+-------------------------------------------
     0 | D:1      | Jynx the Deep Elf Conjurer began the quest for the Orb.
     0 | D:1      | Reached XP level 1. HP: 10/10 MP: 6/6
   165 | D:1      | Reached XP level 2. HP: 15/15 MP: 1/8
   433 | D:1      | Reached skill level 5 in Conjurations
   717 | D:1      | Reached XP level 3. HP: 19/19 MP: 3/9
  1130 | D:2      | Reached skill level 1 in Short Blades
  1424 | D:2      | Reached XP level 4. HP: 24/24 MP: 6/11
  1727 | D:3      | Noticed Natasha
  1734 | D:3      | Killed Natasha
  1947 | D:3      | Found Zin's Purification Station.
  1948 | D:3      | Found a glowing silver altar of Zin.
  2064 | D:3      | HP: 1/24 [hobgoblin/sling bullet (8)]
  2493 | D:3      | Noticed fatfloppyjuicyveiny's ghost (amateur CeHu)
  2512 | D:3      | Mangled by fatfloppyjuicyveiny's ghost

Skill      XL: |  1  2  3  4 |
---------------+-------------+-----
Conjurations   | 5 |  5.8
Short Blades   | 1 2 |  2.0
Spellcasting   | 4 |  4.0
Dodging        | |  2.4
Stealth        | |  2.4

Action                   |  1- 3 |  4- 6 || total
-------------------------+-------+-------++-------
Melee: Dagger            |       |     1 ||     1
 Cast: Magic Dart        |    70 |    42 ||   112
  Eat: Chunk             |     1 |     3 ||     4
Armor: Robe              |     1 |     1 ||     2
Dodge: Dodged            |     1 |    10 ||    11
